[Event "WCCC G10 2019"]
[Site "Weifang"]
[Date "2019.08.25"]
[Round "5.4"]
[White "Mai, Hieu Linh"]
[Black "Mou, Iris"]
[Result "1/2-1/2"]
[ECO "C03"]
[WhiteElo "1344"]
[BlackElo "1669"]
[Annotator "NA"]
[PlyCount "108"]
[EventDate "2019.08.21"]
[EventType "swiss"]
[EventCountry "CHN"]
[SourceTitle "playchess.com"]
[Source "ChessBase"]
[SourceQuality "1"]
[TimeControl "40/5400+30:1800+30"]

1. e4 e6 2. d4 d5 3. Nd2 h6 4. e5 c5 5. c3 Nc6 6. Ndf3 Qb6 7. Bd3 Bd7 8. Ne2 cxd4 9. cxd4 Nb4 10. Bb1 Bb5 11. a3 Bxe2 12. Qxe2 Nc6 13. Be3 Na5 14. Bd3 a6 15. Rc1 Ne7 16. O-O Nf5 17. b4 Nc6 18. Bxf5 exf5 19. Qd3 Ne7 20. Rc3 Qe6 21. Rfc1 Nc8 22. Rc7 Nb6 23. Nd2 Rb8 24. Qb3 Na8 25. R7c3 Be7 26. Qc2 O-O 27. Nb3 Nb6 28. Na5 Rfc8 29. Qb3 Qd7 30. h3 Rxc3 31. Rxc3 Na4 32. Rc1 Nb6 33. Qd3 Rc8 34. Qf1 Na4 35. Rxc8+ Qxc8 36. Qc1 Qd7 37. Qc2 Bd8 38. Nxb7 Qxb7 39. Qxa4 Qb5 40. Qxb5 axb5 41. Kf1 g5 42. Ke2 f4 43. Bc1 Bb6 44. Bb2 Kf8 45. Kd3 Ke7 46. Kc2 Kd7 47. Kb3 Kc6 48. a4 Ba7 49. a5 Kd7 50. g4 Ke7 51. Kc2 Kf8 52. Kd3 Kg7 53. Bc1 Kg6 54. h4 Kg7 {[%emt 0:04:00] Ke4} 1/2-1/2

[Event "WCCC G10 2019"]
[Site "Weifang"]
[Date "2019.08.25"]
[Round "5.5"]
[White "Yuan, Rui"]
[Black "Shukhman, Anna"]
[Result "1/2-1/2"]
[ECO "D90"]
[WhiteElo "1008"]
[BlackElo "1806"]
[Annotator "NA"]
[PlyCount "120"]
[EventDate "2019.08.21"]
[EventType "swiss"]
[EventCountry "CHN"]
[SourceTitle "playchess.com"]
[Source "ChessBase"]
[SourceQuality "1"]
[TimeControl "40/5400+30:1800+30"]

1. d4 Nf6 2. Nf3 c5 3. c3 cxd4 4. cxd4 g6 5. Nc3 d5 6. Bf4 Bg7 7. e3 O-O 8. Bd3 Nc6 9. h3 Nb4 10. Bb1 b5 (10... e6 $14) 11. O-O $14 a5 12. a3 Nc6 13. Ne5 Qb6 14. Qb3 Ba6 15. Na4 Nxd4 16. Nxb6 Nxb3 17. Nxa8 Rxa8 18. Ra2 Rc8 19. Bd3 a4 20. f3 Nh5 21. Rd1 Nxf4 22. exf4 Bxe5 23. fxe5 Rc1 24. Be2 Rc2 25. Bd3 Rc1 26. Be2 b4 27. Rxc1 Nxc1 28. Bxa6 Nxa2 29. axb4 Nxb4 30. Bb5 e6 31. Kf2 Kf8 32. Ke2 a3 33. bxa3 Nc2 34. a4 Nd4+ 35. Kd3 Nxb5 36. axb5 Ke7 37. Kd4 Kd7 38. Kc5 g5 39. Kd4 Kc7 40. Kc5 h5 41. g3 h4 42. gxh4 gxh4 43. f4 Kb7 44. b6 Kb8 45. Kd4 Kc8 46. Kc5 Kb7 47. Kb5 d4 48. Kc4 Kxb6 49. Kxd4 Kb5 50. Kd3 Kc5 51. Kc3 Kb5 52. Kb3 Kb6 53. Kb4 Kc6 54. Kc4 Kd7 55. Kc5 Kc7 56. Kb5 Kb7 57. Kc5 Kc7 58. Kb5 Kb7 59. Kc5 Kc7 60. Kb5 Kb7 1/2-1/2

[Event "WCCC G10 2019"]
[Site "Weifang"]
[Date "2019.08.25"]
[Round "5.6"]
[White "Kirtadze, Anastasia"]
[Black "Rouda Essa, Alserkal"]
[Result "1-0"]
[ECO "A68"]
[WhiteElo "1532"]
[BlackElo "1601"]
[Annotator "NA"]
[PlyCount "151"]
[EventDate "2019.08.21"]
[EventType "swiss"]
[EventCountry "CHN"]
[SourceTitle "playchess.com"]
[Source "ChessBase"]
[SourceQuality "1"]
[TimeControl "40/5400+30:1800+30"]

1. d4 Nf6 2. c4 g6 3. Nc3 Bg7 4. e4 d6 5. f4 O-O 6. Nf3 c5 7. d5 e6 8. Bd3 exd5 9. cxd5 b5 10. O-O c4 11. Bc2 Re8 12. a3 a5 13. Re1 Ba6 14. e5 dxe5 15. fxe5 Ng4 16. Qd4 Nxe5 17. Nxe5 Nc6 18. Qf2 Nxe5 19. h3 f5 20. Be3 Rb8 21. Rad1 Qd7 22. Kh1 Bb7 23. Bb6 a4 24. Be3 Ba8 25. Bf4 Rbd8 26. Bg5 Rb8 27. Bf4 Rbd8 28. Qc5 Rb8 29. Qf2 Qf7 30. Qg3 Qf6 31. Re3 Rb7 32. Rde1 Rbe7 33. Bg5 Qf7 34. Bxe7 Qxe7 35. Rd1 Qf8 36. Ree1 Qc5 37. Qe3 Qc8 38. Qf2 Qd7 39. Qc5 Rb8 40. Qf2 Qd6 41. Na2 Rb7 42. Nb4 Rc7 43. Na2 Rc5 44. Nb4 Rc7 45. Qf4 Rd7 46. Re2 Rd8 47. Rde1 Re8 48. Qf2 Rc8 49. Rd1 Rc7 50. Ree1 Rc8 51. Na2 Rd8 52. Qd2 Rc8 53. Qb4 Qxb4 54. Nxb4 Kf7 55. Re2 Ke7 56. d6+ Kd7 57. Nd5 Rc6 58. Nc7 Bb7 59. Nxb5 Rb6 60. Bxa4 Bc6 61. Nc3 Bxa4 62. Nxa4 Rc6 63. Rd5 Rxd6 64. Rexe5 Bxe5 65. Rxe5 Rd4 66. Re2 Kd6 67. Kg1 f4 68. Kf2 g5 69. Nc3 h6 70. Nb5+ Kd5 71. Nxd4 Kxd4 72. Rd2+ Kc5 73. Kf3 h5 74. Ke4 Kc6 75. Kf5 Kc5 76. Kxg5 {[%emt 0:00:11] Kd5} 1-0

[Event "WCCC G10 2019"]
[Site "Weifang"]
[Date "2019.08.25"]
[Round "5.7"]
[White "Zhao, Yunqing"]
[Black "Indira Priyadharshini Subbu"]
[Result "1-0"]
[ECO "E65"]
[WhiteElo "1539"]
[BlackElo "1346"]
[Annotator "NA"]
[PlyCount "89"]
[EventDate "2019.08.21"]
[EventType "swiss"]
[EventCountry "CHN"]
[SourceTitle "playchess.com"]
[Source "ChessBase"]
[SourceQuality "1"]
[TimeControl "40/5400+30:1800+30"]

1. d4 Nf6 2. c4 g6 3. g3 Bg7 4. Bg2 O-O 5. Nf3 d6 6. O-O c5 7. d5 a6 8. Nc3 Nbd7 9. Qc2 Nb6 10. Qd3 Bd7 11. e4 Qc8 12. Re1 Bh3 13. Nd2 Bxg2 14. Kxg2 Nbd7 15. f4 Ne8 16. Nf3 Qc7 17. Qe3 Nb6 18. Qd3 Nd7 19. Re2 e5 20. f5 Nef6 21. h3 gxf5 22. exf5 Kh8 23. Kh2 Qd8 24. Ng5 h6 25. Nge4 Nxe4 26. Nxe4 Nf6 27. Bd2 Nxe4 28. Rxe4 Qf6 29. Rf1 Kh7 30. a4 Rh8 31. a5 Kg8 32. Qb3 Qe7 33. Rg4 f6 34. Qb6 Rc8 35. b4 Qc7 36. bxc5 dxc5 37. Qxf6 Qf7 38. Qxe5 Re8 39. Rxg7+ Qxg7 40. Qxe8+ Kh7 41. Qe4 Qf6 42. Bc3 Qxc3 43. f6+ Kg8 44. Qe8+ Kh7 45. Qf7# 1-0

[Event "WCCC G10 2019"]
[Site "Weifang"]
[Date "2019.08.25"]
[Round "5.10"]
[White "Maral Altankhuyag"]
[Black "Zhou, Yafei"]
[Result "0-1"]
[ECO "C07"]
[WhiteElo "1078"]
[BlackElo "1757"]
[Annotator "NA"]
[PlyCount "110"]
[EventDate "2019.08.21"]
[EventType "swiss"]
[EventCountry "CHN"]
[SourceTitle "playchess.com"]
[Source "ChessBase"]
[SourceQuality "1"]
[TimeControl "40/5400+30:1800+30"]

1. e4 e6 2. d4 d5 3. Nd2 c5 4. exd5 Qxd5 5. Ngf3 cxd4 6. Bc4 Qd8 7. O-O Nc6 8. Nb3 a6 9. Nbxd4 Nxd4 10. Nxd4 Qc7 11. Bd3 Bd6 12. h3 Ne7 13. Re1 O-O 14. c3 Ng6 15. Be3 b5 16. Rc1 Ne5 17. Be4 Rb8 18. b3 f5 19. Bf3 f4 20. Bxf4 Nxf3+ 21. Nxf3 Bxf4 22. Rc2 Rb6 23. Qe2 Bb7 24. Nd2 Rd8 25. c4 Bxd2 26. Rxd2 Rxd2 27. Qxd2 bxc4 28. bxc4 Rd6 29. Qb4 Qc6 30. f3 Qb6+ 31. Qxb6 Rxb6 32. Rd1 Kf7 33. Rd7+ Kf6 34. Rc7 Bc6 35. Kf2 Ba4 36. Ke3 Rb2 37. g3 Rxa2 38. c5 Ra3+ 39. Ke2 Bb5+ 40. Kf2 Rc3 41. f4 a5 42. Ra7 a4 43. Ra5 Rxc5 44. Ke1 Rc1+ 45. Kd2 Rb1 46. g4 h6 47. Ke3 Bc6 48. Kf2 Rb3 49. Ra6 Bb5 50. Ra5 a3 51. Kg1 Bc4 52. Kg2 Rb2+ 53. Kf3 a2 54. Ra4 Bd5+ 55. Ke3 Rb1 0-1

[Event "WCCC G10 2019"]
[Site "Weifang"]
[Date "2019.08.26"]
[Round "6.1"]
[White "Feng, Eunice"]
[Black "Chen, Yining"]
[Result "0-1"]
[ECO "C54"]
[WhiteElo "1280"]
[BlackElo "1744"]
[Annotator "NA RC"]
[PlyCount "54"]
[EventDate "2019.08.21"]
[EventType "swiss"]
[EventCountry "CHN"]
[SourceTitle "playchess.com"]
[Source "ChessBase"]
[SourceQuality "1"]
[TimeControl "40/5400+30:1800+30"]

1. e4 e5 2. Nf3 Nc6 3. Bc4 Bc5 4. c3 Nf6 5. d4 exd4 6. e5 d5 7. Bb5 Ne4 8. cxd4 Bb6 9. Nc3 O-O 10. Be3 Bg4 11. h3 Bh5 12. Qc2 Nxc3 13. bxc3 f6 14. g4 Bg6 15. Bd3 fxe5 16. Bxg6 hxg6 17. Nxe5 Nxe5 18. dxe5 Bxe3 19. fxe3 Qh4+ 20. Kd1 Qg3 21. Re1 Rf2 22. Qxg6 Qg2 23. Qd3 Raf8 24. Rc1 Rf1 25. Rc2 Rxe1+ 26. Kxe1 Qg1+ 27. Kd2 Rf2+ 0-1

[Event "WCCC G10 2019"]
[Site "Weifang"]
[Date "2019.08.26"]
[Round "6.2"]
[White "Lee, Alice"]
[Black "Li, Rachael"]
[Result "1-0"]
[ECO "A61"]
[WhiteElo "1822"]
[BlackElo "1911"]
[Annotator "NA"]
[PlyCount "149"]
[EventDate "2019.08.21"]
[EventType "swiss"]
[EventCountry "CHN"]
[SourceTitle "playchess.com"]
[Source "ChessBase"]
[SourceQuality "1"]
[TimeControl "40/5400+30:1800+30"]

1. d4 Nf6 2. c4 c5 3. d5 e6 4. Nc3 exd5 5. cxd5 d6 6. Nf3 g6 7. Bf4 a6 8. a4 Bg7 9. h3 O-O 10. e3 Ne8 {[%emt 0:02:59] A61: Modern Benoni: Nf3 without early e4} 11. Be2 Nd7 12. O-O Ne5 (12... Rb8 13. a5 b5 14. axb6 Rxb6 15. Qc2 Qe7 16. Nd2 Ne5 17. Bh2 f5 18. Rfe1 {1-0 (36) Gledura,B (2622)-Perunovic,M (2604) Hungary 2019}) 13. Nd2 f5 14. a5 b5 $146 ({Predecessor:} 14... Qe7 15. Qb3 Rb8 16. Bxa6 Nc7 17. Be2 Bd7 18. Qb6 {1-0 (35) Garau,B (2229)-Blondel,F (1975) ICCF email 2013}) 15. axb6 Qxb6 16. Bxe5 Bxe5 17. Nc4 Qc7 18. Nxe5 dxe5 19. Na4 Bd7 20. Qc2 Bxa4 21. Rxa4 Nd6 22. Rxa6 Rxa6 23. Bxa6 Qb6 24. Bd3 e4 25. Bc4 f4 26. exf4 Rxf4 27. b3 Qa7 28. Qc3 Qg7 29. Qe3 Rf8 30. Qxc5 Qe5 31. Rd1 Ra8 32. Bf1 Ra2 33. b4 Rb2 $18 34. Ra1 e3 35. Ra8+ Kg7 36. Qa7+ Kh6 37. Qxe3+ Qxe3 38. fxe3 Rxb4 39. Rd8 Nf7 40. Rd7 Kg7 41. Be2 Kf6 42. Bf3 h6 43. Kf2 Rb2+ 44. Kg3 Rb3 45. e4 Ra3 46. Rb7 Nd6 47. Rb4 Rc3 48. Kf4 g5+ 49. Kg4 Rc4 50. Rb6 Ke5 51. Kh5 Rc8 52. Kxh6 Rg8 53. Rc6 g4 54. hxg4 Rd8 55. g5 Nf7+ 56. Kg6 Nd6 57. Rc7 Rg8+ 58. Rg7 Rf8 59. Re7+ Kf4 60. Kg7 Rd8 61. g6 Ne8+ 62. Rxe8 Rxe8 63. Kf7 Rb8 64. g7 Rb7+ 65. Kg6 Rb6+ 66. Kh7 Rb7 67. Kh8 Rxg7 68. Kxg7 Kg3 69. d6 Kh2 70. d7 Kg1 71. d8=Q Kf2 72. Qg5 Kg1 73. Qe3+ Kh2 74. Qf2 Kh1 75. g4# 1-0

[Event "WCCC G10 2019"]
[Site "Weifang"]
[Date "2019.08.26"]
[Round "6.3"]
[White "Mou, Iris"]
[Black "Kirtadze, Anastasia"]
[Result "1-0"]
[ECO "B52"]
[WhiteElo "1669"]
[BlackElo "1532"]
[Annotator "NA RC"]
[PlyCount "89"]
[EventDate "2019.08.21"]
[EventType "swiss"]
[EventCountry "CHN"]
[SourceTitle "playchess.com"]
[Source "ChessBase"]
[SourceQuality "1"]
[TimeControl "40/5400+30:1800+30"]

1. e4 c5 2. Nf3 d6 3. Bb5+ Bd7 4. Bxd7+ Qxd7 5. O-O Nc6 6. c3 g6 7. d4 cxd4 8. cxd4 Bg7 9. Nc3 Nf6 10. Re1 O-O 11. Bg5 h6 12. Bh4 g5 13. Bg3 Nh5 14. d5 Nd8 15. Ne5 dxe5 16. Qxh5 Rc8 17. h4 gxh4 18. Bxe5 f6 19. Bf4 Nf7 20. Qxh4 Ng5 21. Re3 Rc4 22. Rae1 b5 23. b3 Rcc8 24. Ne2 Qe8 25. Nd4 Qg6 26. Rg3 Qh7 27. Nf5 Rf7 28. d6 exd6 29. Nxd6 Rcf8 30. Nxf7 Rxf7 31. e5 Re7 32. Rc1 Qf5 33. exf6 Bxf6 34. Bxg5 hxg5 35. Qg4 Qg6 36. Rf3 Kg7 37. Qf5 Qxf5 38. Rxf5 b4 39. Rc6 Rf7 40. Ra6 g4 41. Rf4 g3 42. fxg3 Bc3 43. Rxf7+ Kxf7 44. Rxa7+ Kf6 45. Rc7 1-0

[Event "WCCC G10 2019"]
[Site "Weifang"]
[Date "2019.08.26"]
[Round "6.4"]
[White "Zhao, Yunqing"]
[Black "Nurgaliyeva, Zarina"]
[Result "0-1"]
[ECO "E01"]
[WhiteElo "1539"]
[BlackElo "1474"]
[Annotator "NA"]
[PlyCount "146"]
[EventDate "2019.08.21"]
[EventType "swiss"]
[EventCountry "CHN"]
[SourceTitle "playchess.com"]
[Source "ChessBase"]
[SourceQuality "1"]
[TimeControl "40/5400+30:1800+30"]

1. d4 Nf6 2. c4 e6 3. g3 d5 4. Bg2 c6 5. Nf3 Bb4+ 6. Bd2 Bd6 7. Qc2 Nbd7 8. O-O O-O 9. Bg5 h6 10. Bxf6 Nxf6 11. Nbd2 b6 12. e4 Be7 13. b3 Bb7 14. e5 Nd7 15. Qd3 c5 16. Rfe1 Qc7 17. Rac1 Rac8 18. cxd5 Bxd5 19. dxc5 Nxc5 20. Qe2 Qb7 21. Nc4 Rfd8 22. Red1 Qa6 23. Nd4 Bxg2 24. Kxg2 Nb7 25. Rc2 Bc5 26. Nf3 Na5 27. Nxa5 Qxa5 28. Rxd8+ Rxd8 29. Nd2 Bb4 30. Nc4 Qd5+ 31. Kg1 b5 32. Nb2 a6 33. Rc1 Qd2 34. Rc2 Qd4 35. Rc1 Rd5 36. Rc8+ Bf8 37. Rc2 Rxe5 38. Qd3 Rd5 39. Qxd4 Rxd4 40. Kf1 g6 41. Ke2 e5 42. h4 Kg7 43. Nd3 f5 44. Ke3 Kf6 45. Rc6+ Rd6 46. Rc8 Be7 47. Rc7 Bd8 48. Rh7 Rc6 49. Nb4 Rd6 50. Rxh6 Kg7 51. Rxg6+ Kxg6 52. Nd3 Bb6+ 53. Ke2 Bd4 54. a4 bxa4 55. bxa4 Rc6 56. Nb4 Rc4 57. Nxa6 Rxa4 58. Nc7 Ra2+ 59. Kd3 Bxf2 60. g4 Bxh4 61. gxf5+ Kxf5 62. Kc4 Rc2+ 63. Kd5 Rxc7 64. Kd6 e4 65. Kxc7 e3 66. Kd6 e2 67. Kd7 e1=Q 68. Kd6 Qe5+ 69. Kc6 Bf2 70. Kb7 Qd6 71. Kc8 Qe7 72. Kb8 Bb6 73. Ka8 Qa7# 0-1

[Event "WCCC G10 2019"]
[Site "Weifang"]
[Date "2019.08.26"]
[Round "6.5"]
[White "Kaliakhmet, Elnaz"]
[Black "Mai, Hieu Linh"]
[Result "1-0"]
[ECO "C46"]
[WhiteElo "1538"]
[BlackElo "1344"]
[Annotator "NA"]
[PlyCount "139"]
[EventDate "2019.08.21"]
[EventType "swiss"]
[EventCountry "CHN"]
[SourceTitle "playchess.com"]
[Source "ChessBase"]
[SourceQuality "1"]
[TimeControl "40/5400+30:1800+30"]

1. e4 e5 2. Nf3 Nc6 3. Nc3 Bc5 4. Nxe5 Nxe5 5. d4 Bd6 6. dxe5 Bxe5 7. Bd3 Bxc3+ 8. bxc3 d6 9. O-O Nf6 10. Ba3 O-O 11. e5 dxe5 12. Bxf8 Qxf8 13. Re1 Qc5 14. Qe2 Qxc3 15. Qxe5 Qxe5 16. Rxe5 Be6 17. Bf5 Bxf5 18. Rxf5 Re8 19. Rc5 c6 20. h3 h6 21. Rb1 Re7 22. a4 Ne4 23. Re1 Nxc5 24. Rxe7 a5 25. Re5 b6 26. Re8+ Kh7 27. Rc8 Nxa4 28. Rxc6 f6 29. Kf1 Kg6 30. Ke2 Kf5 31. Kd3 Ke5 32. Kc4 Nb2+ 33. Kb3 Nd1 34. Rxb6 Nxf2 35. Rb5+ Kf4 36. c4 Ne4 37. c5 Ke5 38. Rxa5 g5 39. c6+ Kd6 40. Kc4 Kxc6 41. Kd4 Nd6 42. Ra6+ Kd7 43. Kd5 Nf5 44. Ra7+ Kd8 45. Ke6 Ne3 46. g4 Ng2 47. Kxf6 Nf4 48. Ra3 Kd7 49. Kg7 h5 50. gxh5 Nxh5+ 51. Kg6 Nf4+ 52. Kxg5 Ne6+ 53. Kf6 Nc5 54. h4 Ne4+ 55. Ke5 Nc5 56. h5 Ke7 57. h6 Kf7 58. Rg3 Nd7+ 59. Kf5 Nf8 60. Rg7+ Ke8 61. h7 Nxh7 62. Rxh7 Kd8 63. Ke6 Kc8 64. Rd7 Kb8 65. Kd6 Kc8 66. Kc6 Kb8 67. Rc7 Ka8 68. Kb6 Kb8 69. Rc2 Ka8 70. Rc8# 1-0

[Event "WCCC G10 2019"]
[Site "Weifang"]
[Date "2019.08.26"]
[Round "6.6"]
[White "Shukhman, Anna"]
[Black "Jiang, Tianyu"]
[Result "1-0"]
[ECO "B42"]
[WhiteElo "1806"]
[BlackElo "1381"]
[Annotator "NA RC"]
[PlyCount "121"]
[EventDate "2019.08.21"]
[EventType "swiss"]
[EventCountry "CHN"]
[SourceTitle "playchess.com"]
[Source "ChessBase"]
[SourceQuality "1"]
[TimeControl "40/5400+30:1800+30"]

1. e4 c5 2. Nf3 e6 3. d4 cxd4 4. Nxd4 a6 5. Bd3 Qc7 6. O-O Nc6 7. Nxc6 dxc6 8. f4 e5 9. f5 Nf6 10. Be3 Be7 11. Qf3 Bd7 12. h3 O-O-O 13. Nc3 c5 14. Bc4 Rdf8 15. a4 Bc6 16. Rfd1 h6 17. a5 Kb8 $16 18. Bf2 g6 19. Bg3 Rhg8 20. Bh2 gxf5 21. Qxf5 Rg5 22. Qf3 Rfg8 23. Rd2 R5g7 24. Nd5 Bxd5 25. exd5 Nd7 26. d6 Bxd6 27. Qd3 Kc8 28. Qxd6 Rxg2+ 29. Kh1 Qxd6 30. Rxd6 Rxc2 31. Bxf7 Rgg2 32. Bg1 Rgd2 33. Rd1 Rxd1 34. Rxd1 Kc7 35. Bh2 Re2 36. Bh5 Re3 37. Kg2 Nf6 38. Bf3 Nd7 39. Kf2 Rb3 40. Rd2 h5 41. Bg3 c4 42. Bxh5 Rb5 43. Be8 Nf6 44. Bxb5 Ne4+ 45. Ke1 Nxd2 46. Bxe5+ Kd8 47. Kxd2 axb5 48. Kc3 Ke7 49. Kb4 Ke6 50. Bc3 Kf5 51. Kxb5 Kg5 52. Kb6 Kh4 53. Kxb7 Kxh3 54. a6 Kg4 55. a7 Kf5 56. a8=Q Kf4 57. Qg8 Kf5 58. Qf7+ Ke4 59. Qf2 Kd5 60. Qf5+ Kd6 61. Bb4# {[%emt 0:00:11] Kd5} 1-0

[Event "WCCC G10 2019"]
[Site "Weifang"]
[Date "2019.08.26"]
[Round "6.7"]
[White "Zhou, Yafei"]
[Black "Yesugen Khuchbayar"]
[Result "1/2-1/2"]
[ECO "E11"]
[WhiteElo "1757"]
[BlackElo "1325"]
[Annotator "NA"]
[PlyCount "156"]
[EventDate "2019.08.21"]
[EventType "swiss"]
[EventCountry "CHN"]
[SourceTitle "playchess.com"]
[Source "ChessBase"]
[SourceQuality "1"]
[TimeControl "40/5400+30:1800+30"]

1. d4 Nf6 2. c4 e6 3. Nf3 Bb4+ 4. Bd2 Bxd2+ 5. Qxd2 O-O 6. Nc3 d5 7. e3 b6 8. cxd5 exd5 9. Bd3 c5 10. dxc5 bxc5 11. O-O Nc6 12. Bb5 Bb7 13. Rfd1 Ne7 14. Rac1 Qb6 15. Be2 Bc6 16. Ne5 Rfd8 17. Bf3 Rab8 18. b3 Bb5 19. Qc2 Rbc8 20. Be2 Bxe2 21. Qxe2 Qe6 22. Nd3 c4 23. Nf4 Qb6 24. bxc4 dxc4 25. Rxd8+ Qxd8 26. Rd1 Qa5 27. Qd2 h6 28. h3 Nc6 29. Ncd5 Qd8 30. Qc3 Kh8 31. Qxc4 Ne7 32. Qb3 Nexd5 33. Nxd5 Nxd5 34. Qxd5 Qf6 35. Qd4 Qa6 36. Rd2 Rc1+ 37. Kh2 Rc6 38. Qd8+ Kh7 39. Qd3+ Qxd3 40. Rxd3 Rc2 41. Ra3 Rxf2 42. Kg3 Rb2 43. Rxa7 Kg6 44. Kf3 h5 45. h4 Rc2 46. Ra6+ f6 47. a4 Rc4 48. g3 Rb4 49. e4 Rb3+ 50. Kf4 Rb4 51. Ra7 Rc4 52. a5 Ra4 53. Ra6 Rb4 54. Rb6 Ra4 55. a6 Ra3 56. g4 hxg4 57. Kxg4 Ra4 58. h5+ Kh7 59. Re6 Ra5 60. e5 fxe5 61. Kf5 Kg8 62. Kg6 Kf8 63. Rb6 e4 64. Rb8+ Ke7 65. Kxg7 Rxa6 66. h6 Ra7 67. h7 Ke6+ 68. Kg6 Rxh7 69. Kxh7 Kf5 70. Kg7 e3 71. Re8 Kf4 72. Kf6 Kf3 73. Ke5 e2 74. Kd4 Kf2 75. Rf8+ Kg2 76. Rg8+ Kf2 77. Re8 e1=Q 78. Rxe1 Kxe1 1/2-1/2

[Event "WCCC G10 2019"]
[Site "Weifang"]
[Date "2019.08.26"]
[Round "6.8"]
[White "Yuan, Rui"]
[Black "Khamdamova, Afruza"]
[Result "0-1"]
[ECO "A51"]
[WhiteElo "1008"]
[BlackElo "1607"]
[Annotator "NA RC"]
[PlyCount "56"]
[EventDate "2019.08.21"]
[EventType "swiss"]
[EventCountry "CHN"]
[SourceTitle "playchess.com"]
[Source "ChessBase"]
[SourceQuality "1"]
[TimeControl "40/5400+30:1800+30"]

1. d4 Nf6 2. c4 e5 3. d5 Bc5 4. e3 O-O 5. Nc3 a5 6. Bd3 d6 7. Nge2 c6 8. O-O cxd5 9. cxd5 Ne8 10. Ng3 f5 11. Kh1 Rf6 12. f4 e4 13. Be2 Rh6 14. Qe1 Na6 15. a3 Ba7 16. Bxa6 bxa6 17. Nge2 Nf6 18. Ng3 Rb8 19. Rb1 g6 20. Bd2 Bb7 21. h3 Bxd5 22. Nxd5 Nxd5 23. Bxa5 Qh4 24. Bd2 Rb3 25. Rg1 Nxe3 26. Bc3 Nxg2 27. Rxg2 Qxh3+ 28. Rh2 Qxh2# 0-1

[Event "WCCC G10 2019"]
[Site "Weifang"]
[Date "2019.08.28"]
[Round "7.1"]
[White "Chen, Yining"]
[Black "Mou, Iris"]
[Result "1-0"]
[ECO "D25"]
[WhiteElo "1744"]
[BlackElo "1669"]
[Annotator "NA"]
[PlyCount "177"]
[EventDate "2019.08.21"]
[EventType "swiss"]
[EventCountry "CHN"]
[SourceTitle "playchess.com"]
[Source "ChessBase"]
[SourceQuality "1"]
[TimeControl "40/5400+30:1800+30"]

1. d4 d5 2. c4 dxc4 3. Nf3 Nf6 4. e3 b5 5. a4 b4 6. Bxc4 e6 7. O-O Be7 8. Qe2 Bb7 9. a5 a6 10. Nbd2 O-O 11. Nb3 Nbd7 12. Rd1 c5 13. Bd2 Qb8 14. Rac1 Rc8 15. dxc5 Nxc5 16. Nfd4 Nce4 17. Be1 Qe5 18. f3 Nc5 19. Bg3 Qg5 20. Bf4 Qh5 21. e4 Nfd7 22. Be3 Nxb3 23. Nxb3 Nc5 24. Qd2 Nxb3 25. Bxb3 Rd8 26. Qf2 Qxa5 27. Bb6 Rxd1+ 28. Bxd1 Qg5 29. f4 Qh4 30. g3 Qf6 31. Bd4 Qg6 32. f5 Qg5 33. Rc7 Bxe4 34. h4 Qxf5 35. Qxf5 Bxf5 36. Rxe7 Rd8 37. Ba4 h5 38. Re8+ Rxe8 39. Bxe8 Bc2 40. Bc5 a5 41. Kf2 g6 42. Ke3 e5 43. Kd2 Bb3 44. Kd3 Kg7 45. Bb5 f6 46. Bc4 Bd1 47. Kd2 Bg4 48. Be2 Be6 49. Bd1 Bd7 50. b3 Be8 51. Bb6 g5 52. Bxa5 Kg6 53. Bxb4 f5 54. Be7 gxh4 55. gxh4 f4 56. Bd6 Kf5 57. b4 e4 58. Be2 e3+ 59. Ke1 Ke4 60. b5 Bd7 61. Bxh5 Bxb5 62. Bg6+ Kf3 63. h5 Bc4 64. h6 Bg8 65. h7 Bxh7 66. Bxh7 e2 67. Bd3 Ke3 68. Bxe2 f3 69. Bc5+ Ke4 70. Bd1 Kd5 71. Be3 Ke4 72. Kf2 Kd5 73. Bxf3+ Ke5 74. Kg3 Kf5 75. Bf4 Ke6 76. Be4 Kf6 77. Kg4 Ke6 78. Kg5 Kf7 79. Bd5+ Ke7 80. Be5 Kd7 81. Kf6 Ke8 82. Be6 Kd8 83. Bd6 Ke8 84. Bc7 Kf8 85. Bd7 Kg8 86. Kg6 Kf8 87. Bd6+ Kg8 88. Be6+ Kh8 89. Be5# 1-0

[Event "WCCC G10 2019"]
[Site "Weifang"]
[Date "2019.08.28"]
[Round "7.2"]
[White "Nurgaliyeva, Zarina"]
[Black "Kaliakhmet, Elnaz"]
[Result "1/2-1/2"]
[ECO "E07"]
[WhiteElo "1474"]
[BlackElo "1538"]
[Annotator "NA RC"]
[PlyCount "127"]
[EventDate "2019.08.21"]
[EventType "swiss"]
[EventCountry "CHN"]
[SourceTitle "playchess.com"]
[Source "ChessBase"]
[SourceQuality "1"]
[TimeControl "40/5400+30:1800+30"]

1. Nf3 Nf6 2. g3 d5 3. Bg2 e6 4. b3 Be7 5. c4 c6 6. Bb2 O-O 7. O-O Nbd7 8. Nc3 b6 9. d4 Bb7 10. Qd3 c5 11. cxd5 exd5 12. e3 Qc7 13. Rfc1 Rfd8 14. dxc5 Nxc5 15. Qd1 Qd6 16. Nd4 Qd7 17. Nce2 Nce4 18. Nf4 Ng5 19. Rc2 Bd6 20. Rac1 Rac8 21. Nde2 Rxc2 22. Rxc2 Be7 23. Qc1 Ne8 24. Rd2 Bb4 25. Bc3 Bxc3 26. Nxc3 Nf6 27. Ncxd5 Nxd5 28. Nxd5 Bxd5 29. Rxd5 Qe7 30. Qd1 Rxd5 31. Qxd5 h6 32. f4 Qxe3+ 33. Kf1 Qc1+ 34. Ke2 Ne6 35. Be4 Qb2+ 36. Qd2 Qa3 37. Kf3 Qe7 38. Qd5 g6 39. Qb7 Qc5 40. Qd5 Qc3+ 41. Kg4 Qc8 42. Qa8 Qxa8 43. Bxa8 Nd4 44. Kh3 Kg7 45. Kg2 Kf6 46. Kf2 Ke6 47. Ke3 Nb5 48. Kd3 Nc7 49. Bg2 Kd6 50. Kc4 f6 51. a4 a6 52. Be4 g5 53. fxg5 fxg5 54. Bb7 a5 55. Bf3 Ke6 56. Bh5 Kd6 57. Bf3 Ke5 58. Bb7 Ke6 59. Bf3 Ke5 60. Bb7 Ke6 61. Bf3 Ke5 62. Bb7 Ke6 63. Bf3 Ke5 64. Bb7 1/2-1/2

[Event "WCCC G10 2019"]
[Site "Weifang"]
[Date "2019.08.28"]
[Round "7.3"]
[White "Lee, Alice"]
[Black "Shukhman, Anna"]
[Result "1-0"]
[ECO "E43"]
[WhiteElo "1822"]
[BlackElo "1806"]
[Annotator "NA RC"]
[PlyCount "163"]
[EventDate "2019.08.21"]
[EventType "swiss"]
[EventCountry "CHN"]
[SourceTitle "playchess.com"]
[Source "ChessBase"]
[SourceQuality "1"]
[TimeControl "40/5400+30:1800+30"]

1. d4 Nf6 2. c4 e6 3. Nc3 Bb4 4. e3 b6 5. Bd3 Bb7 6. f3 d6 {[%emt 0:02:23] E43: Nimzo-Indian: Rubinstein: 4...b6} (6... c5 7. Nge2 cxd4 8. exd4 d5 9. a3 dxc4 10. Bxc4 Be7 11. O-O O-O 12. Be3 Na6 13. Qd3 Nc7 14. Bg5 Nfd5 15. Bd2 Qd7 16. Bf4 Nxf4 17. Nxf4 {½-½ (111) Rakhmanov,A (2665)-Idani,P (2573) Dubai 2017}) 7. Nge2 e5 8. Qa4+ Nc6 9. d5 Bxc3+ 10. Nxc3 Qd7 11. dxc6 Bxc6 12. Qc2 h5 $146 ({Predecessor:} 12... O-O 13. O-O Ne8 14. Bxh7+ {1-0 (24) Samadov,R (1997)-Dale,G (1597) Riga 2018}) 13. Ne4 Ng8 14. O-O f5 15. Ng5 Qe7 16. h4 g6 17. g3 Nh6 18. b4 e4 19. Qc3 O-O-O 20. Be2 exf3 21. Bxf3 Bxf3 22. Rxf3 Ng4 23. Bb2 Rhe8 24. a4 c5 25. a5 Qb7 26. axb6 axb6 27. Rd1 d5 28. bxc5 Ne5 $2 {[%emt 0:04:37] [#]} (28... dxc4 29. Rxd8+ Rxd8 30. Qxc4 Rd1+ 31. Rf1 Rxf1+ 32. Qxf1 bxc5) 29. cxd5 $1 Nxf3+ 30. Nxf3 Qc7 31. d6 Qxc5 32. Qxc5+ bxc5 33. Ne5 Re6 34. d7+ Kc7 35. Bc3 Ra6 36. e4 fxe4 37. Bd2 Rxd7 38. Nxd7 Kxd7 39. Bb4+ Ke6 40. Bxc5 Rc6 41. Be3 Ra6 42. Kf2 Ra2+ 43. Rd2 Ra5 44. Bf4 Rb5 45. Ke3 Kf5 46. Bd6 Rb1 (46... Rb3+ $142 47. Ke2 g5 48. hxg5 Kxg5) 47. Rf2+ Ke6 48. Bf4 Rb4 49. Rd2 Ra4 {[%emt 0:00:00] [#]} 50. Rd4 $1 Ra5 51. Kxe4 Ra6 52. Rb4 Kf7 $18 53. Bg5 Kg7 54. Rb7+ Kg8 55. Be3 Ra5 56. Bd4 Kf8 57. Rb6 g5 58. Rf6+ Ke7 59. Rf5 Ra6 60. Rxg5 Rh6 61. Kf5 Kf7 62. Rg7+ Kf8 63. Kg5 Rc6 64. Kxh5 Rc4 65. Bf6 Rc6 66. Kg6 Rc4 67. Kf5 Rc5+ 68. Be5 Rxe5+ 69. Kxe5 Kxg7 70. g4 Kg6 71. g5 Kg7 72. h5 Kf7 73. Kf5 Kg7 74. h6+ Kf7 75. g6+ Kg8 76. Kf6 Kh8 77. g7+ Kg8 78. h7+ Kxh7 79. Kf7 Kh6 80. g8=Q Kh5 81. Qg3 Kh6 82. Qh4# 1-0